AoeStats
← Dragon

Arena

507857488Analyzed
4v4 RM · 13d ago on Sep 20, 2026· 38m 55s· 8 players
Game mode
Random Map
Map size
Large (8 player)
Population
200
Speed
Normal
Resources
Standard
Victory
Conquest
Starting age
Dark Age
Ending age
Imperial Age
RankedLock teamsTeams togetherTeam positionsShared explorationLock speedFull tech treeHidden civsTurbo modeCheats
Victory
Defeat
🇩🇪 Hindustanis · Germany
1318
+13
🇩🇪 Portuguese · Germany
1301
+14
🇩🇪 Cumans · Germany
1300
+14
🇩🇪 Italians · Germany
1293
+14
🇺🇸 Malians · United States
1321
-17
🇲🇽 Malians · Mexico
1277
-15
🇲🇽 Britons · Mexico
1263
-14
🇧🇷 Byzantines · Brazil
1133
-9
KOBU ︻芫 ———
11:10 Feudal Age
15:33 Castle Age
13:24 Loom
22:38 Double-Bit Axe
22:37 Horse Collar
30:41 Imperial Age
I ONLY MAKE HALBERDIERS
12:04 Feudal Age
12:46 Double-Bit Axe
15:36 Castle Age
13:46 Horse Collar
16:43 Bow Saw
21:02 Wheelbarrow
20:16 Town Watch
22:07 Hand Cart
22:28 Gold Mining
24:19 Stone Mining
29:18 Imperial Age
28:09 Gold Shaft Mining
28:09 Stone Shaft Mining
27:47 Forging
27:43 Scale Barding Armor
29:13 Iron Casting
30:00 Chain Barding Armor
29:55 Bloodlines
29:45 Husbandry
29:24 Heavy Camel Rider
30:07 Farimba
30:28 Conscription
31:59 Chemistry
33:25 Loom
35:26 Light Cavalry
38:55 Murder Holes
38:52 Fletching
Komo Kazada
8:19 Loom
10:09 Feudal Age
14:02 Castle Age
12:12 Horse Collar
13:10 Double-Bit Axe
15:34 Bow Saw
18:52 Wheelbarrow
21:16 Heavy Plow
23:05 Gold Mining
29:03 Imperial Age
27:20 Fletching
27:37 Stone Mining
28:22 Gold Shaft Mining
27:55 Padded Archer Armor
27:48 Loom
27:45 Crossbowman
27:45 Elite Skirmisher
29:40 Bodkin Arrow
30:00 Leather Archer Armor
31:37 Two-Man Saw
30:49 Scale Mail Armor
31:58 Bracer
32:20 Thumb Ring
33:01 Ballistics
33:42 Chemistry
34:01 Pikeman
34:42 Squires
34:47 Halberdier
35:44 Chain Mail Armor
35:39 Forging
35:46 Leather Archer Armor
mnmoose
10:12 Feudal Age
15:43 Castle Age
14:32 Double-Bit Axe
14:49 Horse Collar
17:41 Bow Saw
17:31 Heavy Plow
19:57 Wheelbarrow
22:18 Stone Mining
22:53 Stone Mining
24:26 Loom
29:25 Imperial Age
27:08 Scale Mail Armor
26:30 Pikeman
27:07 Gambesons
27:37 Forging
27:13 Gambesons
27:32 Squires
28:04 Hand Cart
28:00 Gold Mining
29:41 Iron Casting
29:45 Chain Mail Armor
30:27 Conscription
29:35 Halberdier
31:12 Fletching
31:53 Plate Mail Armor
31:45 Padded Archer Armor
32:06 Gambesons
33:02 Bodkin Arrow
34:18 Gold Shaft Mining
34:45 Blast Furnace
36:21 Two-Man Saw
35:05 Elite Longbowman
37:10 Ballistics
37:48 Bracer
38:04 Leather Archer Armor
38:57 Chemistry
siggi-lok
12:15 Feudal Age
15:53 Castle Age
13:37 Horse Collar
18:57 Double-Bit Axe
19:16 Loom
33:07 Imperial Age
33:30 Fortified Wall
34:35 Wheelbarrow
33:46 Town Watch
37:04 Chemistry
36:15 Arquebus
36:35 Conscription
37:38 Siege Engineers
37:58 Padded Archer Armor
37:49 Fletching
38:39 Elite Skirmisher
39:25 Thumb Ring
Dragon
5:27 Loom
11:21 Feudal Age
17:36 Castle Age
15:40 Horse Collar
15:46 Double-Bit Axe
15:52 Gold Mining
21:23 Bow Saw
25:55 Wheelbarrow
31:19 Imperial Age
29:07 Grand Trunk Road
29:14 Scale Barding Armor
29:19 Forging
29:52 Stone Mining
30:33 Bloodlines
30:23 Husbandry
31:49 Chain Barding Armor
32:05 Iron Casting
31:21 Heavy Camel Rider
33:23 Plate Barding Armor
33:17 Imperial Camel Rider
35:59 Conscription
36:24 Light Cavalry
37:20 Hussar
lord-cherry
8:50 Feudal Age
11:23 Loom
14:10 Castle Age
12:36 Double-Bit Axe
12:58 Horse Collar
21:12 Stone Mining
22:22 Bow Saw
22:32 Fletching
25:05 Gold Mining
25:52 Wheelbarrow
26:46 Stone Shaft Mining
26:55 Ballistics
26:49 Bodkin Arrow
27:36 Padded Archer Armor
28:34 Heavy Plow
29:26 Fortified Wall
30:00 Thumb Ring
30:34 Leather Archer Armor
34:01 Imperial Age
31:13 Elite Skirmisher
32:08 Treadmill Crane
35:32 Ring Archer Armor
35:02 Bracer
35:22 Hand Cart
36:08 Two-Man Saw
36:23 Conscription
37:05 Elite Genoese Crossbowman
Who am I
6:56 Loom
7:03 Loom
8:51 Feudal Age
9:24 Horse Collar
9:31 Double-Bit Axe
12:07 Wheelbarrow
11:53 Loom
18:36 Gold Mining
18:37 Stone Mining
21:53 Castle Age
20:31 Bloodlines
20:31 Scale Barding Armor
20:36 Forging
21:16 Forging
23:54 Capped Ram
28:24 Hand Cart
28:45 Bow Saw
28:37 Heavy Plow
34:18 Imperial Age
32:27 Gold Shaft Mining
32:15 Chain Barding Armor
32:31 Iron Casting
31:47 Fletching
34:21 Cavalier
34:46 Siege Ram
36:52 Plate Barding Armor
37:17 Blast Furnace
37:44 Two-Man Saw
Connection lost

Rejoining the realm…

Still unreachable

The connection could not be restored.

Session expired

The server has moved on; the page needs a fresh start.